 Dungeon Crawl Stone Soup version 0.23-a0-619-g281719c (webtiles) character file.

551 zishaf the Firebug (level 7, 0/36 HPs)
             Began as a Deep Elf Fire Elementalist on Dec 22, 2018.
             Killed from afar by a white imp (6 damage)
             ... with a puff of frost
             ... summoned by Eustachio
             ... on level 5 of the Dungeon.
             The game lasted 00:07:06 (4275 turns).

zishaf the Firebug (Deep Elf Fire Elementalist)     Turns: 4275, Time: 00:07:06

Health: 0/36       AC:  2    Str:  6    XL:     7   Next: 7%
Magic:  5/16       EV: 14    Int: 21    God:
Gold:   208        SH:  0    Dex: 15    Spells: 5/16 levels left

rFire    + . .     SeeInvis .   e - -3 dagger
rCold    x . .     Gourm    .   (no shield)
rNeg     . . .     Faith    .   a - +0 robe
rPois    .         Spirit   .   (no helmet)
rElec    .         Reflect  .   (no cloak)
rCorr    .         Harm     .   (no gloves)
MR       .....                  (no boots)
Stlth    ++........             (no amulet)
HPRegen  0.12/turn              d - ring of fire
MPRegen  0.15/turn              (no ring)

@: very slightly contaminated
A: no striking features
a: no special abilities


You were on level 5 of the Dungeon.
You were very hungry.

You visited 1 branch of the dungeon, and saw 5 of its levels.

You collected 208 gold pieces.

Inventory:

Hand Weapons
 e - a -3 dagger (weapon)
Armour
 a - a +0 robe (worn)
Jewellery
 d - a ring of fire (left hand)
Wands
 j - a wand of paralysis (9)
Scrolls
 c - a scroll of remove curse
 h - a scroll of magic mapping {unknown}
 i - a scroll of teleportation {unknown}
 l - a scroll of immolation
 n - a scroll of enchant armour {unknown}
Potions
 b - a potion of degeneration {unknown}
 f - a potion of agility {unknown}
 g - a potion of resistance {unknown}
 k - a potion of haste
 m - 2 potions of lignification
 o - 4 potions of curing


   Skills:
 + Level 4.4 Dodging
 - Level 3.0 Stealth
 - Level 5.0 Spellcasting
 + Level 4.5 Conjurations
 + Level 5.7 Fire Magic


You had 5 spell levels left.
You knew the following spells:

 Your Spells              Type           Power        Failure   Level  Hunger
a - Flame Tongue          Conj/Fire      #####        1%          1    None
b - Throw Flame           Conj/Fire      #####.       1%          2    None
c - Conjure Flame         Conj/Fire      #####...     4%          3    ##.....
z - Fireball              Conj/Fire      #####.....   36%         5    #####..

Your spell library contained the following spells:

 Spells                   Type           Power        Failure   Level  Hunger
 Inner Flame              Hex/Fire       ####....     10%         3    ##.....
 Sticky Flame             Conj/Fire      #####...     13%         4    ####...


Dungeon Overview and Level Annotations

Branches:
Dungeon (5/15)
 Temple: D:4-7

Altars:
Trog
Wu Jian

Annotations:
D:2 Sigmund
D:3 3 runed doors, DankestMemes's ghost, weakling FoAK
D:5 Eustachio


Message History

Eustachio completely resists.
Eustachio is moderately wounded.
Eustachio gestures wildly while chanting.
Eustachio blinks!
The quokka misses you. The white imp gestures at you.
The puff of frost hits you!
You feel a terrible chill!
* * * LOW HITPOINT WARNING * * *
Casting: Flame Tongue (safe; 1% risk of failure)
Confirm with . or Enter, or press ? or * to list all spells.
Aiming: Flame Tongue (safe; 1% risk of failure)
Press: ? - help, Shift-Dir - straight line, f/p - Eustachio
Aim: Eustachio, wielding a +0 rapier and wearing a +2 leather armour of fire You feel a surge of power!
The flame tongue hits the quokka.
You kill the quokka!
The quokka's corpse disappears in a puff of smoke!
The shadow imp hits you.
* * * LOW HITPOINT WARNING * * *
The white imp gestures at you. The puff of frost hits you!
You feel a terrible chill!
You die...

#..............#
##.#.. .........#
.....# ###.####[#
....# #.# #)#
#..#####.####.#####
#.....##...........
#.5.#....#####.###.
#55.....# #.# #.
#@#.##### #.# #.
#@#.# #.###. #.#..
#.#... #.####
#.#... #.# #.#...
#(# #.#... #.#
###.#... #..
#...#### #.###


You could see Eustachio, a white imp and 2 shadow imps.

Vanquished Creatures
  2 phantoms
  A howler monkey (D:4)
  A bullfrog zombie (D:4)
  A hound (D:4)
  3 jellies (D:2)
  A bullfrog skeleton (D:4)
  A hound zombie (D:3)
  A worker ant zombie (D:3)
  3 adders
  11 oozes
  3 dart slugs
  A ball python (D:4)
  5 bats
  5 giant cockroaches
  6 hobgoblins
  4 jackals
  3 frilled lizards
  8 goblins
  11 kobolds
  A leopard gecko zombie (D:3)
  4 rats
76 creatures vanquished.

Vanquished Creatures (others)
  2 fungi (D:2)
  5 toadstools (D:2)
7 creatures vanquished.

Grand Total: 83 creatures vanquished

Notes
Turn   | Place    | Note
-------+----------+-------------------------------------------
     0 | D:1      | zishaf the Deep Elf Fire Elementalist began the quest for
                  | the Orb.
     0 | D:1      | Reached XP level 1. HP: 10/10 MP: 6/6
   176 | D:1      | Reached XP level 2. HP: 15/15 MP: 4/8
   286 | D:1      | Learned a level 2 spell: Throw Flame
   549 | D:1      | Reached XP level 3. HP: 19/19 MP: 6/9
  1099 | D:2      | Reached XP level 4. HP: 12/24 MP: 2/11
  1650 | D:2      | Reached XP level 5. HP: 17/28 MP: 4/12
  1771 | D:2      | HP: 1/28 [acid (8)]
  2220 | D:2      | Noticed Sigmund
  2220 | D:2      | Noticed an ogre
  2232 | D:2      | Learned a level 5 spell: Fireball
  2236 | D:2      | Learned a level 3 spell: Conjure Flame
  2269 | D:3      | Found a runed gate.
  2270 | D:3      | Found a runed gate.
  2339 | D:3      | Found a bloodstained altar of Trog.
  2691 | D:3      | Reached skill level 5 in Fire Magic
  2817 | D:3      | Found a runed gate.
  2826 | D:3      | Noticed DankestMemes's ghost (weakling FoAK)
  2876 | D:3      | Found an ornate altar of the Wu Jian Council.
  3382 | D:4      | Reached XP level 6. HP: 32/32 MP: 8/14
  4118 | D:5      | Entered Level 5 of the Dungeon
  4125 | D:5      | Reached XP level 7. HP: 27/36 MP: 8/16
  4162 | D:5      | Reached skill level 5 in Spellcasting
  4262 | D:5      | Noticed Eustachio
  4275 | D:5      | Killed from afar by a white imp

Vault maps used:
D:1:      giann_bridges
D:2:      cheibrodos_fertilizer, grunt_dithmenos_smoke, uniq_sigmund
D:3:      lemuel_round_altar, old_standard_altar, serial_undead,
          serial_undead_b, serial_undead_e, serial_undead_f, serial_undead_e,
          gammafunk_ghost_necromancy, first_ration
D:5:      uniq_eustachio

Skill      XL: |  1  2  3  4  5  6  7 |
---------------+----------------------+-----
Conjurations   | 2 3 4 |  4.5
Stealth        | 3 |  3.0
Fire Magic     | 4 5 |  5.7
Dodging        | 3 4 |  4.4
Spellcasting   | 4 5 |  5.0

Action                   |  1- 3 |  4- 6 |  7- 9 || total
-------------------------+-------+-------+-------++-------
Melee: Dagger            |     6 |     4 |       ||    10
 Cast: Flame Tongue      |    66 |   100 |    15 ||   181
  Use: Scroll            |       |     5 |       ||     5
 Stab: Sleeping          |     2 |     1 |       ||     3
  Eat: Chunk             |       |     2 |       ||     2
       Ration            |       |     2 |       ||     2
Armor: Robe              |    11 |     2 |     1 ||    14
Dodge: Dodged            |    61 |    25 |     5 ||    91

Table legend:
 A = Non-vault XP
 B = Vault XP
 C = Vault XP percentage of total XP
 D = Non-vault monster count
 E = Vault monster count
 F = Vault count percentage of total count
                 A         B        C        D         E       F
            +---------+---------+-------+---------+---------+-------
      Total |     564 |     224 |  28.4 |      56 |      20 |  26.3
            +---------+---------+-------+---------+---------+-------
        D:1 |      52 |       0 |   0.0 |      21 |       0 |   0.0
        D:2 |      55 |     185 |  77.1 |      19 |      17 |  47.2
        D:3 |      21 |      39 |  65.0 |       7 |       3 |  30.0
        D:4 |     308 |       0 |   0.0 |       7 |       0 |   0.0
        D:5 |     128 |       0 |   0.0 |       2 |       0 |   0.0
            +---------+---------+-------+---------+---------+-------
